 Dungeon Crawl Stone Soup version 0.23-a0-78-gc252fe1 (webtiles) character file.

28 Amnesiac the Gusty (level 2, -1/19 HPs)
             Began as a Mummy Air Elementalist on Aug 10, 2018.
             Slain by a hound (3 damage)
             ... on level 5 of the Dungeon.
             The game lasted 00:02:25 (992 turns).

Amnesiac the Gusty (Mummy Air Elementalist)          Turns: 992, Time: 00:02:26

Health: -1/19      AC:  5    Str: 11    XL:     2   Next: 96%
Magic:  6/6        EV: 10    Int: 14    God:
Gold:   24         SH:  0    Dex: 12    Spells: 6/7 levels left

rFire    x . .     SeeInvis .   e - +1 quarterstaff
rCold    + . .     Gourm    .   (shield currently unavailable)
rNeg     + + +     Faith    .   b - +0 ring mail
rPois    ∞         Spirit   .   (no helmet)
rElec    .         Reflect  .   (no cloak)
rCorr    .         Harm     .   (no gloves)
MR       .....                  (no boots)
Stlth    +.........             (no amulet)
HPRegen  0.06/turn              (no ring)
MPRegen  0.10/turn              (no ring)

@: no status effects
A: no food or potions, fire vulnerability, cold resistance 1, negative energy
resistance 3, torment resistance, unbreathing
a: no special abilities


You were on level 5 of the Dungeon.
You were not hungry.

You visited 1 branch of the dungeon, and saw 6 of its levels.

You collected 24 gold pieces.

Inventory:

Hand Weapons
 c - a +0 club
 e - a +1 quarterstaff (weapon)
Armour
 b - a +0 ring mail (worn)
Scrolls
 a - a scroll of remove curse {!r}


   Skills:
 - Level 1.5 Dodging
 - Level 1.5 Stealth
 + Level 3.2 Spellcasting
 - Level 0.7 Conjurations
 * Level 3.2 Air Magic


You had 6 spell levels left.
You knew the following spells:

 Your Spells              Type           Power        Failure   Level  Hunger
a - Shock                 Conj/Air       #...         22%         1    N/A

Your spell library contained the following spells:

 Spells                   Type           Power        Failure   Level  Hunger
 Lightning Bolt           Conj/Air       #.........   99%         5    N/A
 Swiftness                Chrm/Air       #.......     36%         2    N/A
 Airstrike                Air            ##........   80%         4    N/A
 Static Discharge         Conj/Air       #.......     56%         3    N/A

Dungeon Overview and Level Annotations

Branches:
Dungeon (6/15)
 Temple: D:4-7

Altars:

Annotations:
D:3 1 transporter, Oddysee's ghost, amateur BaFi


Innate Abilities, Weirdness & Mutations

You do not eat or drink.
Your flesh is vulnerable to fire.
You are immune to poison.
Your flesh is cold resistant. (rC+)
You are immune to negative energy. (rN+++)
You are immune to unholy pain and torment.
You can survive without breathing.


Message History

The quokka bites you.
* * * LOW HITPOINT WARNING * * *
The quokka bites you.
* * * LOW HITPOINT WARNING * * *
You are too injured to fight recklessly!
You are too injured to fight recklessly!
You are too injured to fight recklessly!
You are too injured to fight recklessly!
You are too injured to fight recklessly!
You are too injured to fight recklessly!
You are too injured to fight recklessly!
You are too injured to fight recklessly!
You are too injured to fight recklessly!
You are too injured to fight recklessly!
You are too injured to fight recklessly!
You are too injured to fight recklessly!
You are too injured to fight recklessly!
You are too injured to fight recklessly!
You are too injured to fight recklessly!
You are too injured to fight recklessly!
You are too injured to fight recklessly!
You are too injured to fight recklessly!
You are too injured to fight recklessly!
You closely miss the quokka.
The quokka is heavily wounded.
The quokka closely misses you.
You closely miss the quokka.
The quokka is heavily wounded.
The quokka bites you but does no damage. x2
Unknown command.
You miss the quokka.
The quokka is heavily wounded.
The quokka misses you.
Unknown command.
You barely miss the quokka.
The quokka is heavily wounded.
The quokka bites you but does no damage.
The quokka barely misses you.
You hit the quokka.
You kill the quokka!
You start resting.
You hear the slow rusting of a drain nearby.
You see here a quokka corpse.
A hound comes into view.
Really read
f - 2 scrolls labeled TIMETE XEAHITAH {!r}?
As you read the scroll labeled TIMETE XEAHITAH {!r}, it crumbles to dust.
It is a scroll of identify.
d - a scroll of enchant weapon {!r} Really read
f - a scroll of identify {!r}?
As you read the scroll of identify {!r}, it crumbles to dust.
a - a scroll of remove curse {!r} Really read
d - a scroll of enchant weapon {!r}?
Okay, then.
Really read
d - a scroll of enchant weapon {!r}?
As you read the scroll of enchant weapon {!r}, it crumbles to dust.
Your +0 quarterstaff glows red for a moment.
You closely miss the hound. The hound bites you but does no damage.
The hound closely misses you.
You barely miss the hound. The hound closely misses you.
The hound barely misses you.
You hit the hound but do no damage. The hound bites you.
* * * LOW HITPOINT WARNING * * *
The hound bites you.
You die...

#.......#####.#
..........>.....#
#.#.#####.#######
# #.#<[.......#
#.#####.#.#.# #.#
###.###.##
#.###.........#
#...†.......#.#
#.@######.....#
#.h# .#####
#......# .#
#.#..#.# #
#.#..#.# . #... .
## #..#..# #.##.
# #.. .


You could see a hound.

Vanquished Creatures
  An adder (D:3)
  An ooze (D:3)
  An orc (D:5)
  2 giant cockroaches (D:1)
  2 hobgoblins
  A quokka (D:5)
  2 bats
  2 kobolds
  2 rats
14 creatures vanquished.

Notes
Turn   | Place    | Note
-------+----------+-------------------------------------------
     0 | D:1      | Amnesiac the Mummy Air Elementalist began the quest for the Orb.
     0 | D:1      | Reached XP level 1. HP: 13/13 MP: 4/4
   453 | D:2      | Reached XP level 2. HP: 19/19 MP: 5/5
   474 | D:2      | You fall through a shaft for 2 floors!
   491 | D:3      | Found a transporter.
   865 | D:3      | Noticed Oddysee's ghost (amateur BaFi)
   885 | D:5      | Entered Level 5 of the Dungeon
   894 | D:4      | Noticed a howler monkey
   910 | D:6      | Noticed a scorpion
   992 | D:5      | Slain by a hound

Vault maps used:
D:1:      dpeg_arrival_three_same_balls
D:2:      first_ration, minivault_11
D:3:      nicolae_overflow_crystal_walls, gammafunk_ghost_arena
D:4:      grunt_ministairs_12, uniq_blork_the_orc
D:5:      kiku_gazebo_pond_becter, minmay_temple_entry_enclosed_plants,
          portal_sewer_entry_d
D:6:      overflow_temple_1_default, tgw_sif, uniq_crazy_yiuf_cottage

Skill      XL: |  1  2 |
---------------+-------+-----
Air Magic      | 3 |  3.2
Spellcasting   | 3 |  3.2
Dodging        | |  1.5
Stealth        | |  1.5
Conjurations   | |  0.7

Action                   || total
-------------------------++-------
Melee: Club              ||    49
       Unarmed           ||     6
       Quarterstaff      ||    38
  Use: Scroll            ||     3
Armor: Ring mail         ||    60
Dodge: Dodged            ||    68

Table legend:
 A = Non-vault XP
 B = Vault XP
 C = Vault XP percentage of total XP
 D = Non-vault monster count
 E = Vault monster count
 F = Vault count percentage of total count
 G = Total turns spent on level
                 A         B        C        D         E       F
            +---------+---------+-------+---------+---------+-------
      Total |      37 |       3 |   7.5 |      13 |       1 |   7.1
            +---------+---------+-------+---------+---------+-------
        D:1 |       9 |       0 |   0.0 |       6 |       0 |   0.0
        D:2 |       4 |       0 |   0.0 |       3 |       0 |   0.0
        D:3 |      22 |       0 |   0.0 |       3 |       0 |   0.0
        D:5 |       2 |       3 |  60.0 |       1 |       1 |  50.0
            +---------+---------+-------+---------+---------+-------
